[Event "Early-Titled-Tuesday-Blitz-May-07-2024"]
[Site "Chess.com"]
[Date "2024.05.07"]
[Round "6"]
[White "Kotlyar_K"]
[Black "DeArron_Fox"]
[Result "0-1"]
[WhiteElo "2661"]
[BlackElo "2523"]
[TimeControl "180+1"]
[EndTime "9:12:09 PDT"]
[Termination "DeArron_Fox won by checkmate"]

1. d4 d5 2. c4 e6 3. Nc3 Nf6 4. cxd5 exd5 5. Bg5 c6 6. Qc2 Be7 7. e3 Nbd7 8. h3 Nh5 9. Bxe7 Qxe7 10. Be2 Nhf6 11. Bd3 g6 12. Nf3 Nh5 13. O-O-O Nb6 14. Ne5 Be6 15. g4 Ng7 16. f4 f6 17. Nf3 O-O-O 18. Rhe1 Kb8 19. Kb1 h5 20. Nh4 Rh6 21. Nxg6 Qe8 22. g5 fxg5 23. fxg5 Rh7 24. Rf1 Nd7 25.
Rde1 Bxh3 26. Qh2+ Ka8 27. Qxh3 Ne6 28. Nf4 Nxg5 29. Qh4 Rg7 30. Qxh5 Qg8 31. Rg1 Nf6 32. Qh4 Nf3 33. Qxf6 Rxg1 34. Rxg1 Qxg1+ 35. Kc2 Ne1+ 36. Kb3 Rc8 37. Bf5 Rb8 38. Ne6 a6 39. Qe7 Nf3 40. Nc7+ Ka7 41. Qc5+ b6 42. Qxc6 Qxe3 43. Qd7 Nxd4+ 44.
Ka3 Rb7 45. Nb5+ Nxb5+ 46. Qxb5 axb5 47. Kb3 d4 48. Be4 dxc3 49. Bxb7 cxb2+ 50. Kxb2 Kxb7 51. Ka1 Kc6 52. Kb2 Kc5 53. Ka1 Kc4 54. Kb2 Qd2+ 55. Kb1 Kc3 56. a3 Qb2# 0-1

[Event "Early-Titled-Tuesday-Blitz-May-07-2024"]
[Site "Chess.com"]
[Date "2024.05.07"]
[Round "6"]
[White "legendisback1"]
[Black "Onischuk_V"]
[Result "1-0"]
[WhiteElo "2987"]
[BlackElo "2821"]
[TimeControl "180+1"]
[EndTime "9:12:10 PDT"]
[Termination "legendisback1 won on time"]

1. e4 d6 2. d4 Nf6 3. Nc3 g6 4. f3 c6 5. Be3 b5 6. Qd2 Nbd7 7. a4 b4 8. Nd1 a5 9. c4 e5 10. d5 Bb7 11. Nf2 Nc5 12. Qc2 Nfd7 13. Nd3 Bh6 14. Bxc5 Nxc5 15. Nxc5 dxc5 16. Rd1 Qd6 17.
Bd3 Be3 18. Ne2 O-O-O 19. Qb3 Kc7 20. Bc2 Bd4 21. Nxd4 cxd4 22. O-O Qc5 23. Bd3 g5 24. Qc2 h5 25. Qd2 f6 26. b3 Bc8 27. Rf2 Rdg8 28. Kf1 Ba6 29. Ke2 h4 30. Rc1 Kd6 31. Kd1 Rc8 32. Rc2 Rc7 33. Kc1 Rhh7 34. Kb2 Rhg7 35. g3 hxg3 36. hxg3 Bc8 37. f4 cxd5 38. fxe5+ fxe5 39. exd5 Ke7 40. Qe1 Qd6 41. Rce2 Kd8 42. Rxe5 Rce7 43. Rfe2 Rxe5 44. Rxe5 Re7 45. Rxe7 Qxe7 46.
Qxe7+ Kxe7 47. c5 Bg4 48. Kc2 Bf3 49. Bc4 Be4+ 50. Kd2 Kd7 51. Bb5+ Kc7 52. d6+ Kb7 53. c6+ Bxc6 54. d7 1-0

[Event "Early-Titled-Tuesday-Blitz-May-07-2024"]
[Site "Chess.com"]
[Date "2024.05.07"]
[Round "6"]
[White "ahkashefi2800"]
[Black "ChristopherYoo"]
[Result "1-0"]
[WhiteElo "2604"]
[BlackElo "2992"]
[TimeControl "180+1"]
[EndTime "9:12:10 PDT"]
[Termination "ahkashefi2800 won by resignation"]

1. d4 Nf6 2. Nf3 d5 3. g3 c6 4. Bg2 Bf5 5. O-O e6 6. b3 Nbd7 7. Bb2 Bd6 8. Nbd2 O-O 9. e3 Ne4 10. Nxe4 Bxe4 11. c4 dxc4 12. bxc4 c5 13. Qb3 Qc7 14.
Rac1 Rac8 15. Rfd1 Rfd8 16. d5 exd5 17. cxd5 Nb6 18.
Nh4 Bxg2 19. Kxg2 c4 20. Qc3 Bf8 21. e4 Na4 22. Qc2 Nxb2 23. Qxb2 c3 24. Qe2 Qc4 25. Qc2 Ba3 26. Rb1 Bb2 27. Nf5 Kh8 28. Rd4 Qxa2 29. Ra4 Qxa4 30. Qxa4 c2 31. Rxb2 c1=Q 32. Rxb7 Rc7 33.
Qd4 Rg8 34. Rb8 Qc3 35. Qxc3 Rxc3 36. Rb7 a5 37. Rxf7 a4 38. Ra7 a3 39. Nd6 Rb8 40. Nb5 Rc4 41. Nd6 Rc3 42. e5 Rc5 43. e6 Rxd5 44.
Ra6 a2 45. e7 Rxd6 46. Rxd6 Re8 47. Rd8 Kg8 48. Rxe8+ Kf7 49. Ra8 a1=Q 50. Rxa1 Kxe7 51. Re1+ Kf6 52. Re3 1-0

[Event "Early-Titled-Tuesday-Blitz-May-07-2024"]
[Site "Chess.com"]
[Date "2024.05.07"]
[Round "6"]
[White "MatthewG-p4p"]
[Black "AlexanderKing"]
[Result "1-0"]
[WhiteElo "2874"]
[BlackElo "2580"]
[TimeControl "180+1"]
[EndTime "9:12:10 PDT"]
[Termination "MatthewG-p4p won on time"]

1. f4 c5 2. Nf3 Nc6 3. g3 g6 4.
Bg2 Bg7 5. O-O Nf6 6. d3 d5 7.
Nc3 d4 8. Na4 Nd7 9. c4 Rb8 10.
Bd2 b6 11. a3 Qc7 12. b4 Bb7 13. Rb1 O-O 14. e4 dxe3 15. Bxe3 Nd4 16. Bxd4 cxd4 17. Re1 Rfe8 18. Ng5 Bxg2 19. Kxg2 h6 20. Nf3 Rbd8 21.
Rc1 e5 22. fxe5 Nxe5 23. c5 b5 24. Nb2 Qc6 25. h3 h5 26. Kf2 Nxf3 27. Qxf3 Qd7 28. Kg2 Qc7 29. c6 Rxe1 30. Rxe1 Rc8 31. Rc1 a5 32. Rc5 axb4 33. axb4 Bf8 34. Rxb5 Qxc6 35. Qxc6 Rxc6 36. Nc4 Kg7 37. Rb7 Rf6 38. b5 Re6 39. b6 Re2+ 40. Kf3 Rc2 41. Rd7 Rc3 42. Ne5 Rb3 43.
Rxf7+ Kg8 44. Ke4 Bd6 45. Rf6 Bxe5 46. Kxe5 Kg7 47. Rd6 Rxd3 48. Rxd4 Rxg3 49. Rb4 Re3+ 50. Kd6 Rd3+ 51. Kc7 Rc3+ 52. Kd7 Rd3+ 53. Kc8 Rc3+ 54.
Kb8 g5 55. b7 Kg6 56. Ka7 Ra3+ 57. Kb6 Rf3 58. b8=Q 1-0

[Event "Early-Titled-Tuesday-Blitz-May-07-2024"]
[Site "Chess.com"]
[Date "2024.05.07"]
[Round "6"]
[White "mortngabriel"]
[Black "AnnaChessLook"]
[Result "1-0"]
[WhiteElo "2505"]
[BlackElo "2305"]
[TimeControl "180+1"]
[EndTime "9:12:10 PDT"]
[Termination "mortngabriel won by resignation"]

1. d4 Nf6 2. Nf3 c5 3. d5 d6 4. Nc3 g6 5. e4 Bg7 6. Bb5+ Nfd7 7. a4 O-O 8. h3 Na6 9. O-O Nb4 10. Ne2 Ne5 11. Nxe5 Bxe5 12. c3 Na6 13. Bh6 Bg7 14. Qd2 Nc7 15. Bxg7 Kxg7 16. f4 a6 17. Bd3 e6 18. f5 exf5 19. exf5 Nxd5 20. Bxa6 bxa6 21. Qxd5 Bxf5 22. Rxf5 gxf5 23. Ng3 Qg5 24. Nxf5+ Kh8 25. Rf1 Rg8 26. Rf2 Rad8 27. c4 Rg6 28. Qd1 Rdg8 29. Qc2 Re6 30. b3 Re1+ 31. Kh2 Qf6 32. Qd2 Qe5+ 33.
Qf4 Qxf4+ 34. Rxf4 Re2 35. Nh4 Kg7 36. Kg1 Kf8 37.
Rf3 Rg6 38. g4 h5 39. Nxg6+ Kg7 40. Nh4 hxg4 41. hxg4 Kh6 42. Nf5+ Kg5 43. Nxd6 Kxg4 44. Rf2 Re3 45. Nb7 Rxb3 46. Nxc5 Rc3 47. Ne4 Rxc4 48.
Nf6+ Kg3 49. Ne8 Rc1+ 50. Rf1 Rc4 51. Ra1 Rc2 52. Nd6 Rg2+ 53. Kf1 Rf2+ 54. Ke1 Rf4 55. a5 Rd4 56. Nf5+ Kf3 57. Nxd4+ Ke4 58. Nc6 f6 59. Nb8 f5 60. Nxa6 f4 61. Kf1 f3 62. Nb4 f2 63.
a6 1-0

[Event "Early-Titled-Tuesday-Blitz-May-07-2024"]
[Site "Chess.com"]
[Date "2024.05.07"]
[Round "6"]
[White "ilqar_74"]
[Black "doctorcristian"]
[Result "1/2-1/2"]
[WhiteElo "2819"]
[BlackElo "2584"]
[TimeControl "180+1"]
[EndTime "9:12:11 PDT"]
[Termination "Game drawn by repetition"]

1. e4 e6 2. d4 d5 3. Nc3 Bb4 4.
e5 c5 5. a3 Bxc3+ 6. bxc3 Qa5 7.
Bd2 Qa4 8. Bd3 c4 9. Be2 Nc6 10. Nh3 Bd7 11. O-O O-O-O 12. Ng5 Nh6 13. f4 Rdf8 14. Rb1 f5 15. Qc1 Nf7 16. Nf3 h6 17.
h4 Rhg8 18. h5 g6 19. hxg6 Rxg6 20. Nh4 Rg3 21. Be1 Rg7 22. Kh2 Rfg8 23. g3 Kc7 24.
Rg1 Nh8 25. g4 Ne7 26. Bg3 Nhg6 27. Nxg6 Rxg6 28. Bh4 Nc6 29. g5 hxg5 30. Bxg5 Rh8+ 31.
Kg3 Nd8 32. Rb4 Qc6 33. Rh1 Rhg8 34. Rh7 R6g7 35. Rxg7 Rxg7 36. Bh5 Be8 37. Qh1 Bxh5 38. Qxh5 Nf7 39. Kf2 Nxg5 40. fxg5 b6 41. Qh6 Qd7 42. g6 Rg8 43. Rb1 Qg7 44. Rh1 Qxg6 45. Qxg6 Rxg6 46. Rh7+ Kb8 47. Rf7 Rh6 48. Kg2 Rg6+ 49. Kf2 Rh6 50. Kg2 Rg6+ 51. Kh2 Rh6+ 52. Kg3 Rg6+ 53. Kf3 Rh6 54. Rf8+ Kc7 55. Rf7+ Kc8 56. Kg3 Rg6+ 57. Kf2 a5 58. a4 Rh6 59. Kg3 Rg6+ 60. Kf2 Rh6 61. Kg2 Rg6+ 62. Kh3 Rh6+ 63. Kg3 Rg6+ 64. Kf3 Rh6 65. Kg3 1/2-1/2

[Event "Early-Titled-Tuesday-Blitz-May-07-2024"]
[Site "Chess.com"]
[Date "2024.05.07"]
[Round "6"]
[White "FuenfgegenWilly"]
[Black "Aminazinas"]
[Result "1-0"]
[WhiteElo "2464"]
[BlackElo "2630"]
[TimeControl "180+1"]
[EndTime "9:12:11 PDT"]
[Termination "FuenfgegenWilly won by checkmate"]

1. e4 e5 2. Nc3 Nc6 3. f4 Bc5 4. Nf3 d6 5. Bc4 Nf6 6. f5 a6 7. d3 b5 8. Bb3 h6 9. a4 b4 10.
Nd5 Nd4 11. Nxd4 Bxd4 12. Qf3 c6 13. Nxf6+ Qxf6 14. a5 Ra7 15. Bc4 O-O 16. Ra4 d5 17. exd5 cxd5 18. Bxd5 Bxf5 19. Rxb4 Rd8 20. Be4 Qh4+ 21.
g3 Bxe4 22. Qxe4 Qh3 23. Rb7 f5 24. Qc6 Rxb7 25. Qxb7 e4 26. dxe4 Qg2 27. Rf1 Re8 28. Qb3+ Kh8 29. Qd3 Rxe4+ 30. Kd1 Bf6 31. c3 Qxh2 32.
Rxf5 Re8 33. Bf4 Rd8 34. Rd5 Qh1+ 35. Kc2 Qxd5 36. Qxd5 Rxd5 37. b4 g6 38. c4 Rd4 39.
Kb3 g5 40. Bc1 Rd3+ 41. Ka4 Rc3 42. Bb2 Rxc4 43. Bxf6+ Kh7 44. Be5 Re4 45. Bc7 Kg6 46. Kb3 Re7 47. Bd6 Rd7 48. Bc5 Rb7 49. Bb6 Kf5 50.
b5 axb5 51. Kb4 Kg4 52. Kxb5 Kxg3 53. Kc6 Rb8 54. Bc7+ Kf3 55. Bxb8 g4 56. a6 g3 57. Bxg3 Kxg3 58. a7 h5 59. a8=Q h4 60. Qa3+ Kg2 61. Qb2+ Kg3 62. Qc3+ Kh2 63. Qe5+ Kg2 64. Qe4+ Kg3 65. Qh1 h3 66. Kd5 h2 67. Ke4 Kh3 68. Kf4 Kh4 69. Qxh2# 1-0

[Event "Early-Titled-Tuesday-Blitz-May-07-2024"]
[Site "Chess.com"]
[Date "2024.05.07"]
[Round "6"]
[White "LoaySameer"]
[Black "EvgenyBurmakin"]
[Result "1-0"]
[WhiteElo "2519"]
[BlackElo "2341"]
[TimeControl "180+1"]
[EndTime "9:12:12 PDT"]
[Termination "LoaySameer won on time"]

1. Nf3 Nf6 2. g3 b6 3. Bg2 Bb7 4. O-O e6 5. d3 c5 6. e4 Be7 7. e5 Nd5 8. c4 Nc7 9. Nc3 O-O 10.
Ne4 Ne8 11. Bf4 d6 12. h4 Nc6 13. h5 dxe5 14. Nxe5 Nd4 15. h6 g6 16. Nf6+ Nxf6 17. Bxb7 Rb8 18. Bg2 Nh5 19. Be3 f6 20. Bxd4 Qxd4 21.
Nc6 Qd7 22. Nxb8 Rxb8 23. Re1 e5 24. Bd5+ Kh8 25. b4 Bf8 26. Qd2 cxb4 27. d4 Re8 28. dxe5 fxe5 29. Rad1 Bc5 30. Kg2 Qf5 31. Be4 Qf6 32.
f3 a5 33. Qd7 Rf8 34. Qg4 Bd4 35. Bd3 Qf7 36. Re4 Nf6 37. Qh3 Nxe4 38. Bxe4 Qf6 39.
Qd7 Rd8 40. Qb7 Rf8 41. Rh1 Rd8 42. Rh4 Rf8 43. Rg4 Rd8 44. Rh4 a4 45. Qa6 b3 46.
Qxa4 b2 47. Qb5 Rf8 48. Rh1 Rd8 49. Rd1 Rf8 50. Rd2 g5 51. g4 Qxh6 52. Qd7 Qh4 53.
Re2 1-0

[Event "Early-Titled-Tuesday-Blitz-May-07-2024"]
[Site "Chess.com"]
[Date "2024.05.07"]
[Round "6"]
[White "imdvb6307"]
[Black "Ryukchess81"]
[Result "0-1"]
[WhiteElo "2527"]
[BlackElo "2397"]
[TimeControl "180+1"]
[EndTime "9:12:13 PDT"]
[Termination "Ryukchess81 won on time"]

1. d4 d5 2. Nf3 Nf6 3. e3 Bg4 4.
c4 c6 5. Nc3 e6 6. h3 Bh5 7. Qb3 Qb6 8. g4 Bg6 9. Ne5 Nbd7 10.
Nxg6 hxg6 11. Bg2 dxc4 12. Qxc4 Bd6 13. O-O Nxg4 14. Ne4 Bh2+ 15. Kh1 Qc7 16. f4 Ndf6 17. Nxf6+ gxf6 18. Bf3 Rxh3 19. Bxg4 Rh4 20. Bxe6 Kf8 21. Kg2 Kg7 22. Bxf7 Qxf7 23. Qxf7+ Kxf7 24. Rh1 Rah8 25. Bd2 Rg4+ 26. Kf3 f5 27. Ke2 Rg2+ 28. Kd3 Ke6 29. Bc3 Kd5 30. Rae1 Rh3 31. Re2 Rxe2 32. Kxe2 Ke4 33.
Bd2 Rh5 34. b4 Bg3 35. Rg1 Rh2+ 36. Kd1 Rh3 37. Rg2 Kf3 38. Rg1 Rh6 39. Kc2 Bf2 40. Rb1 Bxe3 41. Rb3 Rh2 42. Rxe3+ Kxf4 43. Re2+ Kg3 44.
Bf4+ Kxf4 45. Rxh2 g5 46. Kd3 Kg3 47. Rh5 Kg4 48. Rh8 f4 49. Ke2 Kg3 50. Rh1 Kg2 51.
Rf1 b5 52. Rf3 a6 53. a3 Kh2 54. Kf2 g4 55. Rxf4 g3+ 56. Ke3 g2 57. Rh4+ Kg3 0-1

[Event "Early-Titled-Tuesday-Blitz-May-07-2024"]
[Site "Chess.com"]
[Date "2024.05.07"]
[Round "6"]
[White "alexrustemov"]
[Black "Chess23Wizzard"]
[Result "1-0"]
[WhiteElo "2947"]
[BlackElo "2681"]
[TimeControl "180+1"]
[EndTime "9:12:15 PDT"]
[Termination "alexrustemov won by resignation"]

1. d4 Nf6 2. c4 e6 3. Nf3 b6 4. a3 Bb7 5. Nc3 d5 6. Bg5 Be7 7. Bxf6 Bxf6 8. cxd5 exd5 9. Qa4+ c6 10. g3 O-O 11.
Bg2 Nd7 12. O-O Re8 13. e3 a6 14. Rac1 c5 15. dxc5 Nxc5 16. Qd1 a5 17. Re1 Ba6 18. Bf1 Bb7 19. Nd4 Bxd4 20. exd4 Ne4 21. f3 Nxc3 22.
Rxc3 Rxe1 23. Qxe1 Qf6 24. Qe5 Qxe5 25. dxe5 d4 26.
Rd3 Rd8 27. Kf2 Kf8 28. f4 Ke7 29. Rb3 Rc8 30. Bd3 Rc6 31. Be4 Rc7 32. Bxb7 Rxb7 33.
Kf3 f5 34. exf6+ Kxf6 35. Ke4 h5 36. Rb5 Re7+ 37. Kxd4 Re2 38. h3 Rg2 39. Rxb6+ Kf7 40. g4 hxg4 41. hxg4 Rxg4 42. Ke5 Rg2 43. a4 Rc2 44. b3 Re2+ 45. Kd4 Rf2 46. Ke3 Rb2 47. f5 Kg8 48. Kd4 Kh7 49. Rb5 Kh6 50. Kc5 Kg5 51. Kb6 Rf2 52. Rxa5 Rxf5 53. Rxf5+ Kxf5 54. a5 g6 55. a6 Kf6 56. a7 Kg7 57. a8=Q Kh7 58. Kc5 Kg7 59. Kd5 Kf7 60. Ke5 Kg7 61. Qb7+ Kh6 62. Kf6 1-0

[Event "Early-Titled-Tuesday-Blitz-May-07-2024"]
[Site "Chess.com"]
[Date "2024.05.07"]
[Round "6"]
[White "praveenb2002"]
[Black "Aswathchess"]
[Result "0-1"]
[WhiteElo "2849"]
[BlackElo "2649"]
[TimeControl "180+1"]
[EndTime "9:12:16 PDT"]
[Termination "Aswathchess won by checkmate"]

1. c4 Nf6 2. Nc3 e6 3. e4 d6 4. d4 Nbd7 5. f4 e5 6. Nf3 exd4 7. Qxd4 c6 8. Be3 Be7 9. O-O-O Qc7 10. e5 dxe5 11. fxe5 Bc5 12. Qd2 Bxe3 13. Qxe3 Ng4 14. Qg5 Nf2 15. Qxg7 Rf8 16. Rd2 Nxh1 17. Ne4 Qa5 18.
Nd6+ Kd8 19. Qxf8+ Nxf8 20. Nxb7+ Kc7 21. Nxa5 Bg4 22. Ng5 Ng6 23. g3 Re8 24. e6 f6 25.
Bg2 fxg5 26. Bxh1 Rxe6 27. Bg2 Re1+ 28. Kc2 Bf5+ 29. Kc3 Ne5 30. Nb3 Be6 31. Nd4 Bxc4 32. b3 Bf7 33. Rf2 Re3+ 34. Kc2 Bg6+ 35. Kc1 Nd3+ 36.
Kd2 Re5 37. Rf6 Nc5 38. Rxc6+ Kd7 39. Rf6 Be4 40. Bh3+ Ke7 41. Rh6 Bg6 42. Kc3 Ne4+ 43. Kc4 Rc5+ 44. Kb4 a5+ 45. Ka3 Nc3 46. Bg4 Ne4 47.
Bf3 Nd2 48. Nc6+ Kf7 49. Nd4 Kg7 50. Rh3 Rc1 51. g4 Rf1 52. Be2 Rf2 53. Bb5 Nb1+ 54. Ka4 Rxa2# 0-1

[Event "Early-Titled-Tuesday-Blitz-May-07-2024"]
[Site "Chess.com"]
[Date "2024.05.07"]
[Round "6"]
[White "LeninGuerra"]
[Black "Genghis_K"]
[Result "0-1"]
[WhiteElo "2666"]
[BlackElo "2918"]
[TimeControl "180+1"]
[EndTime "9:12:17 PDT"]
[Termination "Genghis_K won by resignation"]

1. e4 c5 2. Nf3 d6 3. b4 cxb4 4.
a3 Nf6 5. Bd3 Nc6 6. O-O g6 7.
Qe2 Bg7 8. axb4 Nxb4 9. Bb5+ Bd7 10. c3 Nc6 11. d4 O-O 12. Bd3 e5 13. d5 Ne7 14. Be3 b6 15. Nbd2 Nh5 16. Ra3 Nf4 17. Bxf4 exf4 18. Rfa1 Qc7 19. Nd4 g5 20. h3 Ng6 21. Bb5 a5 22. Bxd7 Qxd7 23. Qc4 Rac8 24. Qb3 Qc7 25. Nc6 Ne5 26. Nxe5 Bxe5 27. Nf3 Qxc3 28.
Rb1 Qxb3 29. Raxb3 Bc3 30. Rxb6 a4 31. Rc1 a3 32.
Rc2 Bf6 33. Rxc8 Rxc8 34. Ra6 Rc3 35. Kf1 Rb3 36. Nd2 Rb2 37. Nc4 Rb1+ 38. Ke2 Bb2 39. Nxb2 Rxb2+ 40. Kf3 a2 41. Kg4 h6 42. f3 Rxg2+ 43.
Kf5 Kg7 44. Ra7 Rf2 45. e5 dxe5 46. Kxe5 Re2+ 47. Kf5 Rd2 48. Ke4 Kg6 49. Ke5 Re2+ 50. Kd4 h5 51. d6 Rd2+ 52. Ke5 f6+ 53. Ke6 g4 54. hxg4 hxg4 55. fxg4 f3 56. d7 f2 57.
Rxa2 Rxa2 58. d8=Q Re2+ 59. Kd7 Rd2+ 60. Ke8 Rxd8+ 61. Kxd8 f1=Q 0-1

[Event "Early-Titled-Tuesday-Blitz-May-07-2024"]
[Site "Chess.com"]
[Date "2024.05.07"]
[Round "6"]
[White "BashirliSaadat"]
[Black "PawnEatingZombie"]
[Result "1/2-1/2"]
[WhiteElo "2392"]
[BlackElo "2230"]
[TimeControl "180+1"]
[EndTime "9:12:17 PDT"]
[Termination "Game drawn by repetition"]

1. d4 Nf6 2. e3 g6 3. f4 Bg7 4.
Bd3 O-O 5. Nf3 d6 6. O-O c5 7. c3 Nc6 8. Nbd2 cxd4 9. exd4 e5 10.
fxe5 dxe5 11. Nxe5 Nxe5 12. dxe5 Ng4 13. Qe2 Nxe5 14.
Bc2 Bg4 15. Qf2 Nd3 16. Qg3 Nxc1 17. Rfxc1 Qxd2 18. Qxg4 Rae8 19. Qd1 Qe3+ 20. Kh1 Rd8 21. Qe1 Qxe1+ 22. Rxe1 Rd2 23. Rac1 Rfd8 24. Red1 Kf8 25.
Bb3 Rxd1+ 26. Rxd1 Rxd1+ 27. Bxd1 Ke7 28. Kg1 Kd6 29. Kf2 Kc5 30. Ke3 b5 31. Kd3 a5 32.
b3 f5 33. Bf3 g5 34. h3 f4 35. Bg4 b4 36. c4 h6 37. Be6 Kd6 38. Bf7 Ke5 39. Bg6 Bf8 40. Be4 Bc5 41. Bf3 Bb6 42.
Bb7 h5 43. Bc8 Bc5 44. Bd7 h4 45. Bg4 Bb6 46. Bf3 Bc5 47. Be4 Bb6 48. Bf3 Bc5 49.
Bg4 Bb6 50. Bh5 Bc5 51. Bf7 Bb6 52. Bd5 Bc5 53. Bf3 Bb6 54. Bd1 Bc5 55. Be2 Bb6 56. Bf1 f3 57. gxf3 Kf4 58. Bg2 Kg3 59. Bf1 Kxf3 60. Be2+ Kg3 61. Bg4 Kf4 62. Be6 Bc5 63.
Bg4 Bb6 64. Bc8 Bc5 65. Bg4 Bb6 1/2-1/2

[Event "Early-Titled-Tuesday-Blitz-May-07-2024"]
[Site "Chess.com"]
[Date "2024.05.07"]
[Round "6"]
[White "GeorgiosSouleidis"]
[Black "slorovel"]
[Result "1-0"]
[WhiteElo "2709"]
[BlackElo "2522"]
[TimeControl "180+1"]
[EndTime "9:12:18 PDT"]
[Termination "GeorgiosSouleidis won by resignation"]

1. e4 e6 2. d4 d5 3. Nc3 Nc6 4. Nf3 Nf6 5. e5 Ne4 6. Ne2 f6 7. Nf4 Bd7 8. Nd3 Be7 9. c3 O-O 10. Be3 fxe5 11. Ndxe5 Nxe5 12. Nxe5 Be8 13. Bd3 Nf6 14.
O-O Bd6 15. f4 Bh5 16. Qc2 Bxe5 17. fxe5 Ne4 18. Bxe4 dxe4 19. Rxf8+ Qxf8 20. Rf1 Qe7 21. Qxe4 c6 22. Qf4 Rf8 23. Qxf8+ Qxf8 24. Rxf8+ Kxf8 25. d5 exd5 26. Bxa7 Be2 27. Kf2 Bd3 28. Ke3 Bb1 29. a3 Kf7 30. Kd4 Ke6 31. Kc5 Bd3 32. Bb8 g5 33. g3 g4 34. a4 h5 35.
a5 Kd7 36. b4 Bf5 37. Kb6 Kc8 38. Bd6 Be6 39. Bf8 Bf7 40. Bh6 Be6 41. Be3 Bd7 42.
Bd4 Kb8 43. Be3 Kc8 44. Bf4 Be6 45. b5 cxb5 46. Kxb5 Bd7+ 47. Kc5 Kc7 48. Kxd5 Kd8 49. Kd6 Bc6 50. e6 Ke8 51. Bg5 Bg2 52. c4 Bf3 53. c5 Bg2 54. Bf6 Bf3 55. Ke5 Bg2 56. Kf4 Bf3 57. Kg5 Bd5 58. e7 Bf7 59. c6 bxc6 60.
a6 c5 61. a7 Bd5 62. Kxh5 Bf3 63. Kg5 c4 64. Kf4 c3 65. Bxc3 Kxe7 66. h4 Kf7 67.
Bd4 Kg8 68. Ke5 Kh7 69. Kd6 Kg6 70. Kc7 1-0

[Event "Early-Titled-Tuesday-Blitz-May-07-2024"]
[Site "Chess.com"]
[Date "2024.05.07"]
[Round "6"]
[White "NikitaShnadrygin"]
[Black "GMAneta"]
[Result "1-0"]
[WhiteElo "2703"]
[BlackElo "2518"]
[TimeControl "180+1"]
[EndTime "9:12:19 PDT"]
[Termination "NikitaShnadrygin won on time"]

1. e4 c5 2. Nf3 Nc6 3. d4 cxd4 4.
Nxd4 g6 5. Nc3 Bg7 6. Be3 Nf6 7. Nxc6 bxc6 8. e5 Nd5 9. Nxd5 cxd5 10. Qxd5 Rb8 11.
O-O-O Qc7 12. Qc5 Qxe5 13. Qxe5 Bxe5 14. Bd4 Bxd4 15. Rxd4 d6 16. Ra4 Ra8 17. Be2 Bb7 18.
f3 O-O 19. Rd1 Rfc8 20. Ra5 Rc7 21. Rd4 Bc8 22. Kd2 Be6 23. Bd3 Rb8 24. b3 d5 25.
Rda4 Rbb7 26. f4 Kg7 27. Ra6 h5 28. R4a5 h4 29. g3 hxg3 30. hxg3 Rd7 31. Rc5 Rdc7 32.
Rxc7 Rxc7 33. Ke3 Kf8 34. Kd4 Ke8 35. Ra5 Kd7 36. b4 Rb7 37. a3 Kc7 38. Rc5+ Kd6 39. c3 Rb6 40. a4 Rb7 41. a5 Rc7 42. Rxc7 Kxc7 43. Kc5 Kd7 44. Bc2 f6 45. Bb3 Kc7 46. Bxd5 Bc8 47. b5 g5 48. b6+ axb6+ 49. axb6+ Kb8 50.
Kd4 gxf4 51. gxf4 Bb7 52. c4 Bc8 53. c5 e6 54. Bf3 Ba6 55. c6 Kc8 56. Kc5 Kd8 57.
Kd6 Bc8 58. c7+ Ke8 59. b7 Bxb7 60. Bxb7 1-0

[Event "Early-Titled-Tuesday-Blitz-May-07-2024"]
[Site "Chess.com"]
[Date "2024.05.07"]
[Round "6"]
[White "LimeInTheCoconut"]
[Black "AsaHoffmann"]
[Result "1-0"]
[WhiteElo "2584"]
[BlackElo "2410"]
[TimeControl "180+1"]
[EndTime "9:12:19 PDT"]
[Termination "LimeInTheCoconut won by resignation"]

1. Nf3 d6 2. d4 Bg4 3. Nbd2 Nf6 4. h3 Bh5 5. e4 e6 6. Bd3 c6 7. Nf1 d5 8. e5 Nfd7 9. Ne3 c5 10. c3 Nc6 11. Ng4 cxd4 12. cxd4 Bb4+ 13. Bd2 Qa5 14.
a3 Bxd2+ 15. Qxd2 Qxd2+ 16. Kxd2 Na5 17. Ke2 Rc8 18. Rac1 Ke7 19. b4 Nc4 20. Bxc4 dxc4 21. Ne3 Nb6 22. g4 Bg6 23. Nd1 Rhd8 24. Nc3 f6 25.
Ke3 a6 26. h4 Nd5+ 27. Nxd5+ Rxd5 28. h5 Be8 29. h6 g6 30. exf6+ Kxf6 31. Ne5 Bc6 32. f4 Ke7 33. Rhd1 Ba4 34. Rd2 Bb3 35. Rc3 a5 36. g5 axb4 37. axb4 Rb5 38. Rb2 Rxb4 39.
Nxc4 Rcxc4 40. Rxc4 Rxc4 41. Rxb3 Rc7 42. Ke4 Kd6 43.
Rb6+ Kd7 44. Ke5 Ke7 45. Rxe6+ Kf7 46. Rb6 Re7+ 47. Kd5 Rd7+ 48. Kc5 Rc7+ 49. Kd5 Rd7+ 50. Kc4 Rc7+ 51. Kd3 Rd7 52. Rb5 Ke6 53. Ke4 Rc7 54.
d5+ Kd6 55. Rb6+ Kc5 56. Rf6 Re7+ 57. Re6 Rxe6+ 58. dxe6 Kd6 59. f5 gxf5+ 60. Kxf5 Ke7 61. g6 hxg6+ 62. Kxg6 Kxe6 63. h7 b5 64. h8=Q b4 65. Qb2 b3 66. Kg5 Kd5 67. Qxb3+ Kd4 68. Qg3 Ke4 69.
Qf4+ Kd3 70. Kf5 1-0

[Event "Early-Titled-Tuesday-Blitz-May-07-2024"]
[Site "Chess.com"]
[Date "2024.05.07"]
[Round "6"]
[White "stolencandy13"]
[Black "ATM622"]
[Result "1/2-1/2"]
[WhiteElo "2675"]
[BlackElo "2514"]
[TimeControl "180+1"]
[EndTime "9:12:20 PDT"]
[Termination "Game drawn by repetition"]

1. d4 Nf6 2. Bf4 d5 3. e3 e6 4.
Nd2 c5 5. c3 Nc6 6. Bd3 Bd6 7.
Bxd6 Qxd6 8. f4 O-O 9. Ngf3 Ne7 10. O-O Nf5 11. Qe2 Ng4 12. Bxf5 exf5 13. Ne5 Nxe5 14.
fxe5 Qe7 15. Qb5 b6 16. Rae1 Bd7 17. Qb3 Be6 18. Qa3 Rfe8 19. Rf3 a6 20. Nf1 c4 21.
Qxe7 Rxe7 22. Ng3 g6 23. Ne2 b5 24. a3 a5 25. Rff1 Rb8 26. Ra1 b4 27. axb4 axb4 28. Ra2 Reb7 29. Rfa1 Kg7 30. Kf2 h6 31. Ra7 bxc3 32.
bxc3 Rxa7 33. Rxa7 Rb2 34. Kf3 g5 35. h3 Kg6 36.
Ra6 Kg7 37. Rc6 g4+ 38. hxg4 fxg4+ 39. Kf2 g3+ 40. Kf3 Rc2 41. Nf4 Kg8 42. Nxe6 fxe6 43. Rxe6 Rxc3 44. Rd6 Rc1 45. Rxd5 c3 46. Kxg3 Re1 47.
Kf2 c2 48. Rd8+ Kf7 49. Kxe1 c1=Q+ 50. Kf2 Qc2+ 51. Kf3 Qf5+ 52. Ke2 Qg4+ 53. Kd3 Qxg2 54. Rd6 Ke7 55. Rxh6 Qf1+ 56. Ke4 Qb1+ 57. Kf4 Qf1+ 58.
Ke4 Qb1+ 59. Kf4 Qf1+ 60. Ke4 1/2-1/2

[Event "Early-Titled-Tuesday-Blitz-May-07-2024"]
[Site "Chess.com"]
[Date "2024.05.07"]
[Round "6"]
[White "SaiAgni_98"]
[Black "kemelgallo"]
[Result "1/2-1/2"]
[WhiteElo "2505"]
[BlackElo "2648"]
[TimeControl "180+1"]
[EndTime "9:12:26 PDT"]
[Termination "Game drawn by repetition"]

1. c4 e6 2. g3 d5 3. Bg2 Nf6 4. Nf3 dxc4 5. Qa4+ Bd7 6. Qxc4 c5 7. Ne5 Qc8 8. O-O Nc6 9. Nxd7 Qxd7 10. d3 Be7 11. b3 Nd5 12. Bb2 O-O 13. Qc2 Rac8 14. Rd1 Nd4 15. Qd2 Rfd8 16. Na3 b5 17. e3 Nc6 18. Nxb5 Ncb4 19. Na3 Bf6 20. Nc4 Bxb2 21. Qxb2 Nb6 22. Ne5 Qc7 23. a3 N4d5 24. Rac1 Qe7 25. Nc4 h5 26. h4 Nf6 27. Ne5 Nbd5 28. Qe2 Rb8 29. Nc6 Qd6 30. Nxd8 Qxd8 31. Qc2 Ne7 32. Qxc5 Rxb3 33.
Qxa7 Qd6 34. a4 Nf5 35. Rc8+ Kh7 36. Qxf7 Rb2 37. Qf8 Qe5 38. Qh8+ Kg6 39. Be4 Rxf2 40. Kxf2 Qxg3+ 41. Kf1 Nxe4 42. Qe8+ Kf6 43. Qf8+ Kg6 44. Qe8+ Kf6 45. dxe4 Qf3+ 46. Ke1 Qxe3+ 47. Kf1 Qf4+ 48. Kg1 Qg4+ 49. Kf2 Qg3+ 50. Ke2 Qe3+ 51. Kf1 Qf4+ 52. Kg2 Qg4+ 53. Kf2 Qg3+ 54. Kf1 Qf3+ 55. Ke1 Qe3+ 56. Kf1 1/2-1/2

[Event "Early-Titled-Tuesday-Blitz-May-07-2024"]
[Site "Chess.com"]
[Date "2024.05.07"]
[Round "6"]
[White "lefonghua"]
[Black "Aleksandar-Topalov"]
[Result "1-0"]
[WhiteElo "2565"]
[BlackElo "2395"]
[TimeControl "180+1"]
[EndTime "9:12:28 PDT"]
[Termination "lefonghua won on time"]

1. Nf3 Nf6 2. g3 g6 3. Bg2 Bg7 4.
O-O O-O 5. c4 c5 6. Nc3 d6 7. d3 Nc6 8. a3 a6 9. Rb1 Rb8 10. b4 cxb4 11. axb4 b5 12. cxb5 axb5 13. Bg5 h6 14. Bd2 Bd7 15. Qb3 g5 16. Rfc1 g4 17.
Ne1 Nd4 18. Qd1 h5 19. e3 Ne6 20. h4 gxh3 21. Bxh3 Ng5 22. Bg2 Nh3+ 23. Kf1 Ng5 24. e4 Ne6 25. Nd5 h4 26. Nxf6+ Bxf6 27. gxh4 Nd4 28. Bg5 e5 29. Qh5 Ne6 30. Nf3 Ra8 31. Ra1 Qe7 32. Bxf6 Qxf6 33. Ng5 Nxg5 34. hxg5 Qg7 35. Bf3 f6 36. gxf6 Qxf6 37. Ke2 Rxa1 38. Rxa1 Rf7 39. Rg1+ Rg7 40. Rxg7+ Kxg7 41. Qh2 Kf8 42.
Qh7 Ke8 43. Qg8+ Ke7 44. Bh5 Be6 45. Qb8 Qg5 46. Bf3 Qc1 47. Qxb5 Qc2+ 48. Kf1 Qc1+ 49. Kg2 Qg5+ 50. Kh2 Qh4+ 51. Kg1 Qg5+ 52. Kf1 Qc1+ 53. Ke2 Qc2+ 54. Ke1 Qc1+ 55. Bd1 Bb3 56. Qb7+ Kf6 57. Kf1 Qxd1+ 58. Kg2 Qg4+ 59. Kh2 Qf4+ 60. Kg2 Bd1 61. Qc7 Bf3+ 62. Kg1 1-0